 Dungeon Crawl Stone Soup version 0.19.0-9-gfd783f2 (webtiles) character file.

415 MovingMist the Skirmisher (level 6, -1/40 HPs)
             Began as a Tengu Fighter on Nov 8, 2016.
             Was a Follower of Okawaru.
             Slain by an orc
             ... wielding a +0 trident
              (6 damage)
             ... on level 3 of the Dungeon.
             The game lasted 00:07:27 (2476 turns).

MovingMist the Skirmisher (Tengu Fighter)           Turns: 2476, Time: 00:07:27

Health: -1/40      AC:  8    Str: 17    XL:     6   Next: 91%
Magic:  7/7        EV:  8    Int:  8    God:    Okawaru [*.....]
Gold:   113        SH:  9    Dex: 15    Spells: 0 memorised, 5 levels left

rFire  . . .     SeeInvis .     a - +0 long sword
rCold  . . .     Gourm    .     b - +0 scale mail
rNeg   . . .     Faith    .     c - +0 shield
rPois  .         Spirit   .     (helmet restricted)
rElec  .         Reflect  .     i - +0 cloak
rCorr  +         Harm     .     (no gloves)
MR     .....                    (boots unavailable)
Stlth  ..........               (no amulet)
                                (no ring)
                                j - ring of resist corrosion

@: no status effects
A: beak, talons 3, able to fly 1
a: Fly, Heroism, Renounce Religion


You were on level 3 of the Dungeon.
You worshipped Okawaru.
Okawaru was aware of your devotion.
You were not hungry.

You visited 1 branch of the dungeon, and saw 3 of its levels.

You collected 113 gold pieces.

Inventory:

Hand Weapons
 a - a +0 long sword (weapon)
Armour
 b - a +0 scale mail (worn)
 c - a +0 shield (worn)
 h - a +0 cloak
 i - a +0 cloak (worn)
Jewellery
 j - a ring of resist corrosion (left hand)
Scrolls
 l - 2 scrolls of fog
 n - 2 scrolls of teleportation
 o - a scroll of remove curse
 q - a scroll of amnesia {unknown}
Potions
 d - a potion of might
 k - a potion of curing {unknown}
 m - a potion of agility {unknown}
 p - a potion of cure mutation {unknown}
 r - a potion of lignification {unknown}
Comestibles
 f - 2 bread rations
 s - 4 fruits
 u - a chunk of flesh


   Skills:
 * Level 5.2 Fighting
 + Level 3.7 Long Blades
 + Level 5.0 Armour
 + Level 2.9 Dodging
 - Level 3.0 Shields


You had 5 spell levels left.
You didn't know any spells.

Dungeon Overview and Level Annotations

Branches:
Dungeon (3/15)

Altars:
Okawaru


Innate Abilities, Weirdness & Mutations

You have a beak for a mouth.
You have claws for feet.
You can fly.


Message History

You block the orc's attack.
You hit the orc priest but do no damage.
You claw the orc priest, but do no damage.
You peck the orc priest.
The orc priest is severely wounded.
The orc barely misses you.
You riposte.
You closely miss the orc. You claw the orc, but do no damage. You peck the orc.
You kill the orc!
Okawaru accepts your kill. You block the orc priest's attack.
The orc barely misses you.
The orc priest invokes the aid of Beogh against you.
Beogh smites you!
* * * LOW HITPOINT WARNING * * *
You slash the orc priest!
You kill the orc priest!
Okawaru accepts your kill.
Your Armour skill increases to level 5!
The orc closely misses you. The orc hits you with a trident.
You die...

### #.# #.# ### #.#
..# #.# ####.###
#####.###### #......
..>..#..... #.##[.#
#..#.#### #.##o.#
##....# #.###.##@.#
#.##.....# #.......).#
#........#
#####.###.#######..###
#####.###..........#
#.........########.#
#.###.###.# ##'##
#.###.....# ##...##
#.........# ##.....##
########..##
##.......##


You could see an orc.

Vanquished Creatures
  Sigmund (D:3)
  2 orc priests (D:3)
  7 gnolls
  6 adders
  3 worms (D:2)
  A dart slug (D:1)
  2 leopard geckos
  2 orcs (D:3)
  A ball python (D:3)
  A giant cockroach (D:1)
  5 goblins
  10 hobgoblins
  4 kobolds
  A quokka (D:2)
  7 bats
  5 frilled lizards
  11 rats
69 creatures vanquished.

Notes
Turn   | Place    | Note
-------+----------+-------------------------------------------
     0 | D:1      | MovingMist the Tengu Fighter began the quest for the Orb.
     0 | D:1      | Reached XP level 1. HP: 14/14 MP: 2/2
   163 | D:1      | Reached XP level 2. HP: 19/19 MP: 3/3
   710 | D:2      | Reached skill level 1 in Dodging
   712 | D:2      | Found an iron altar of Okawaru.
   737 | D:2      | Became a worshipper of Warmaster Okawaru
   751 | D:2      | Reached XP level 3. HP: 23/23 MP: 4/4
  1033 | D:2      | Reached XP level 4. HP: 28/28 MP: 5/5
  1377 | D:2      | Gained mutation: You can fly. [Tengu growth]
  1377 | D:2      | Reached XP level 5. HP: 33/33 MP: 6/6
  1923 | D:3      | Noticed Sigmund
  1939 | D:3      | Killed Sigmund
  1939 | D:3      | Reached * piety under Okawaru
  1939 | D:3      | Reached XP level 6. HP: 20/40 MP: 7/7
  2057 | D:3      | Reached skill level 5 in Fighting
  2073 | D:3      | Found a faded altar of an unknown god.
  2475 | D:3      | Reached skill level 5 in Armour
  2476 | D:3      | Slain by an orc

Skill      XL: |  1  2  3  4  5  6 |
---------------+-------------------+-----
Dodging        | 1 2 |  2.9
Armour         | 4 5 |  5.0
Fighting       | 4 5 |  5.2
Long Blades    | 3 |  3.7
Shields        | |  3.0

Action                   |  1- 3 |  4- 6 || total
-------------------------+-------+-------++-------
Melee: Long sword        |    69 |   118 ||   187
       Kick              |    17 |    37 ||    54
       Peck              |    11 |    26 ||    37
 Abil: Fly               |       |     1 ||     1
  Use: Scroll            |       |     5 ||     5
  Eat: Chunk             |       |     5 ||     5
Armor: Scale mail        |    19 |    44 ||    63
Dodge: Dodged            |    18 |    43 ||    61
Block: Shield            |    36 |    59 ||    95
       Rpst.: Long sword |     5 |     9 ||    14
